 Dungeon Crawl Stone Soup version 0.30-a0-159-g068b764562 (webtiles) character file.

Game seed: 3054950939565979514

317 blackman the Slasher (level 6, -10/47 HPs)
             Began as a Human Wanderer on Sept 27, 2022.
             Mangled by an ogre
             ... wielding a +0 giant spiked club
              (34 damage)
             ... on level 4 of the Dungeon.
             The game lasted 00:05:06 (5376 turns).

blackman the Slasher (Human Wanderer)               Turns: 5376, Time: 00:05:06

Health: -10/47     AC:  5    Str:  9    XL:     6   Next: 73%
Magic:  7/7        EV: 10    Int: 10    God:
Gold:   143        SH:  7    Dex: 20    Spells: 7/7 levels left

rFire   . . .      SeeInvis .    a - +1 falchion
rCold   . . .      Faith    .    b - +2 buckler
rNeg    + . .      Spirit   .    w - +2 leather armour of Qyre {rN+}
rPois   .          Reflect  .    (no helmet)
rElec   .          Harm     .    (no cloak)
rCorr   .          Rampage  .    (no gloves)
Will    .....                    (no boots)
Stlth   +.........               (no amulet)
HPRegen 0.15/turn                (no ring)
MPRegen 0.10/turn                (no ring)

@: no status effects
A: no striking features
a: no special abilities


You were on level 4 of the Dungeon.
You visited 1 branch of the dungeon, and saw 4 of its levels.

You collected 143 gold pieces.

Inventory:

Hand Weapons
 a - a +1 falchion (weapon)
 u - a +1 dagger of holy wrath
Missiles
 g - a curare-tipped dart (quivered)
Armour
 b - a +2 buckler (worn)
 d - a +0 robe
 q - a +0 chain mail
 w - the +2 leather armour of Qyre (worn) {rN+}
   (You took it off a gnoll on level 3 of the Dungeon)

   rN:        It protects you from negative energy.
Jewellery
 p - a ring of protection from cold
Scrolls
 f - a scroll of noise {unknown}
 m - a scroll of identify {unknown}
 r - 2 scrolls of teleportation {unknown}
 v - a scroll of amnesia {unknown}
Potions
 c - 3 potions of brilliance
 e - a potion of attraction {unknown}
 h - a potion of curing
 i - 2 potions of heal wounds {unknown}
 j - a potion of lignification {unknown}
 k - a potion of berserk rage {unknown}
 l - a potion of haste {unknown}
 n - a potion of magic {unknown}
 o - 2 potions of ambrosia {unknown}
 s - a potion of mutation {unknown}
 t - a potion of cancellation {unknown}


   Skills:
 - Level 3.0 Fighting
 + Level 6.6 Long Blades
 - Level 2.0 Shields
 - Level 1.0 Spellcasting
 - Level 2.0 Invocations


You had 7 spell levels left.
You didn't know any spells.
Your spell library contained the following spells:

 Spells                   Type           Power      Damage    Failure   Level
 Ozocubu's Armour         Ice            0%         N/A       88%         3
 Blade Hands              Tmut           0%         N/A       100%        5
 Irradiate                Conj/Tmut      0%         3d11      100%        5
 Metabolic Englaciation   Hex/Ice        0%         N/A       100%        5
 Simulacrum               Ice/Necr       0%         N/A       100%        6
 Dragon Form              Tmut           0%         N/A       100%        7


Dungeon Overview and Level Annotations

Branches:
Dungeon (4/15)
 Temple: D:4-7

Altars:


Message History

You closely miss the hobgoblin.
The hobgoblin is heavily wounded.
The kobold throws a stone.
The stone hits you. You block the hobgoblin's attack.
An ogre comes into view. It is wielding a +0 giant spiked club.
You closely miss the hobgoblin.
The hobgoblin is heavily wounded.
The ogre shouts!
The hobgoblin hits you but does no damage.
An adder comes into view.
The adder hisses angrily.
You hit the hobgoblin.
The hobgoblin is almost dead.
You block the hobgoblin's attack.
You barely miss the hobgoblin.
The hobgoblin is almost dead.
The hobgoblin hits you.
You closely miss the hobgoblin.
The hobgoblin is almost dead.
The orc hits you with a +0 dagger. The hobgoblin hits you.
You barely miss the hobgoblin.
The hobgoblin is almost dead.
The kobold barely misses you. You block the orc's attack.
The hobgoblin hits you but does no damage.
You hit the hobgoblin but do no damage.
The hobgoblin is almost dead.
You block the hobgoblin's attack. You block the kobold's attack.
The orc hits you with a +0 dagger. The ogre attacks as you move away!
The ogre hits you with a +0 giant spiked club!
The kobold throws a stone.
The stone hits you. The hobgoblin misses you. The adder bites you.
You are poisoned.
The adder poisons you!
It was a potion of curing.
You feel better. The adder bites you. You block the hobgoblin's attack.
The adder barely misses you.
The ogre hits you with a +0 giant spiked club!!
Ouch! That really hurt!
You die...

... .. ##.# ............#
...###.###..##. #.........#
.........#.##.. ##.........#
.........#.##.###..........#
...................#........
.........o.##.#.####........
.........#.##.#.## #))......
........g.S......###........
........##O@......##........
.........K.........#........
...................#....####
...................#.#..##
.######.##.......<...#...###
#.##.................#
#####.................
#.........####..###
#.........# ####


You could see an ogre, an adder, an orc, a hobgoblin and a kobold.

Vanquished Creatures
  An ogre (D:4)
  A scorpion (D:4)
  7 adders
  4 gnolls
  A white imp (D:3)
  A worm (D:2)
  2 dart slugs (D:2)
  2 orcs
  9 ball pythons
  3 bats
  6 endoplasms
  4 giant cockroaches
  4 goblins
  5 hobgoblins
  6 kobolds
  A quokka (D:1)
  3 frilled lizards
  4 rats
64 creatures vanquished.

Notes
Turn   | Place    | Note
-------+----------+-------------------------------------------
     0 | D:1      | blackman the Human Wanderer began the quest for the Orb.
     0 | D:1      | blackman set off with the following items: a +1 falchion, a
                  | +2 buckler, a potion of brilliance, a +0 robe.
     0 | D:1      | Reached XP level 1. HP: 18/18 MP: 2/2
    58 | D:1      | Reached XP level 2. HP: 12/24 MP: 3/3
   599 | D:1      | Reached skill level 3 in Long Blades
  1041 | D:2      | Reached XP level 3. HP: 28/29 MP: 4/4
  1719 | D:2      | Reached skill level 4 in Long Blades
  1719 | D:2      | Reached XP level 4. HP: 35/35 MP: 5/5
  1730 | D:2      | Found a faded altar of an unknown god.
  2440 | D:3      | Reached XP level 5. HP: 30/41 MP: 6/6
  3264 | D:3      | Reached skill level 5 in Long Blades
  4222 | D:3      | Identified the +2 leather armour of Qyre {rN+}
  4871 | D:4      | Noticed an ogre
  4881 | D:4      | Killed an ogre
  4882 | D:4      | Reached skill level 6 in Long Blades
  4882 | D:4      | Reached XP level 6. HP: 14/47 MP: 7/7
  5365 | D:4      | Noticed an ogre
  5376 | D:4      | Mangled by an ogre

Illustrated notes

Levels and vault maps discovered:
D:1:      dpeg_arrival_orchard, layout_basic
D:2:      layout_basic, hellmonk_ecumenical_altar_crossroads
D:3:      layout_basic
D:4:      layout_rooms, serial_shops, shop, chequers_serial_rivers_room_b

Skill      XL: |  1  2  3  4  5 |
---------------+----------------+-----
Long Blades    | 3 4 6 |  6.6
Fighting       | |  3.0
Shields        | |  2.0
Spellcasting   | |  1.0
Invocations    | |  2.0

Action                   |  1- 3 |  4- 6 || total
-------------------------+-------+-------++-------
Melee: Falchion          |    68 |   126 ||   194
Throw: Dart              |       |     3 ||     3
  Use: Potion            |       |     1 ||     1
 Stab: Sleeping          |     6 |     4 ||    10
Armor: Robe              |    23 |     4 ||    27
       Chain mail        |       |    54 ||    54
       Leather armour    |       |     4 ||     4
Dodge: Dodged            |    43 |    32 ||    75
Block: Buckler           |    26 |    55 ||    81

Table legend: (Time is in decaauts)
 A = Elapsed time spent in this place.
 B = Non-inter-level travel time spent in this place.
 C = Inter-level travel time spent in this place.
 D = Time resting spent in this place.
 E = Time spent auto-exploring this place.
 F = Levels seen in this place.
 G = Mean time per level.
                   A        B        C        D        E       F      G
               +--------+--------+--------+--------+--------+-----+--------+
         Total |   5401 |   5190 |    211 |   2460 |   2185 |   4 | 1350.2 |
       Dungeon |   5401 |   5190 |    211 |   2460 |   2185 |   4 | 1350.2 |
               +--------+--------+--------+--------+--------+-----+--------+

Top non-repeatable levels by time:
     D:2: 2720 daAuts
     D:3: 1116 daAuts
     D:1: 1040 daAuts
     D:4: 524 daAuts
